 Dungeon Crawl Stone Soup version 0.27-a0-1202-ge72e49191c (webtiles) character file.

Game seed: 5432798822621058882

119 bande the Covered (level 5, 0/32 HPs)
             Began as a Gargoyle Fighter on June 4, 2021.
             Slain by an orc wizard
             ... wielding a +2 dagger of draining
              (4 damage)
             ... on level 3 of the Dungeon.
             The game lasted 00:03:36 (2840 turns).

bande the Covered (Gargoyle Fighter)                Turns: 2840, Time: 00:03:37

Health: 0/32       AC: 12    Str: 20    XL:     5   Next: 3%
Magic:  5/5        EV:  7    Int:  8    God:
Gold:   48         SH:  9    Dex: 10    Spells: 3/4 levels left

rFire    . . .     SeeInvis .   a - +0 war axe
rCold    . . .     Faith    .   c - +0 kite shield
rNeg     + . .     Spirit   .   b - +0 scale mail
rPois    ∞         Reflect  .   h - +0 helmet
rElec    +         Harm     .   (no cloak)
rCorr    .         Rampage  .   (no gloves)
Will     .....                  (no boots)
Stlth    ..........             (no amulet)
HPRegen  0.10/turn              (no ring)
MPRegen  0.09/turn              (no ring)

@: no status effects
A: sickness immunity, AC +4, negative energy resistance 1, electricity
resistance, torment resistance 1, petrification resistance
a: no special abilities


You were on level 3 of the Dungeon.
You visited 1 branch of the dungeon, and saw 3 of its levels.

You collected 48 gold pieces.

Inventory:

Hand Weapons
 a - a +0 war axe (weapon)
 g - a +1 mace of holy wrath
Armour
 b - a +0 scale mail (worn)
 c - a +0 kite shield (worn)
 h - a +0 helmet (worn)
Potions
 d - a potion of might
 e - a potion of curing


   Skills:
 + Level 3.6 Fighting
 + Level 2.9 Axes
 + Level 4.2 Armour
 + Level 0.6 Dodging
 + Level 4.0 Shields
 * Level 0.3 Translocations


You had 3 spell levels left.
You knew the following spells:

 Your Spells              Type           Power      Damage    Failure   Level
a - Apportation           Tloc           0%         N/A       99%         1

Your spell library contained the following spells:

 Spells                   Type           Power      Damage    Failure   Level
 Animate Skeleton         Necr           0%         N/A       99%         1
 Corona                   Hex            0%         N/A       99%         1
 Sandblast                Erth           0%         2d4       99%         1
 Summon Small Mammal      Summ           0%         N/A       99%         1
 Passwall                 Tmut/Erth      0%         N/A       100%        2
 Stone Arrow              Conj/Erth      0%         3d7       100%        3
 Petrify                  Tmut/Erth      0%         N/A       100%        4
 Lee's Rapid Deconstruct  Erth           0%         3d5*      100%        5


Dungeon Overview and Level Annotations

Branches:
Dungeon (3/15)

Altars:


Innate Abilities, Weirdness & Mutations

You are immune to sickness and miasma.
Your stone body is resilient. (AC +4)
You are immune to poison.
You resist negative energy. (rN+)
You are resistant to electric shocks. (rElec)
You are resistant to unholy torment.
You are immune to petrification.


Message History

A puff of flame appears from out of thin air!
The puff of flame hits you but does no damage.
The adder bites you but does no damage. Something hits you but does no damage.
You miss something. You miss the adder. The adder bites you but does no damage.
You block something's attack. You block the adder's attack.
You miss something. You barely miss the adder. You block the adder's attack.
Something hits you but does no damage. The adder barely misses you.
You hear some strange, mumbled words.
You are confused.
You barely miss something. You closely miss the adder.
The adder barely misses you. Something hits you but does no damage.
The adder barely misses you. Something hits you but does no damage.
You hit the adder.
You kill the adder!
You miss something. Something hits you but does no damage.
You have reached level 5!
You closely miss something.
You hear some strange, mumbled words.
A magic dart appears from out of thin air!
The magic dart hits you. Something completely misses you.
You bump into the rock wall.
An orc wizard appears from thin air!
Reactivating autopickup.
The orc wizard casts a spell at itself.
The orc wizard flickers and vanishes!
Deactivating autopickup; reactivate with Ctrl-A.
You bump into the rock wall.
You feel less confused. Something hits you.
You barely miss something. Something hits you.
You completely miss something.
Something hits you but does no damage. x2
You barely miss something. You block something's attack.
You barely miss something. Something hits you but does no damage.
Something hits you.
You closely miss something. Something hits you.
You hear some strange, mumbled words.
A magic dart appears from out of thin air!
The magic dart hits you.
* * * LOW HITPOINT WARNING * * *
You barely miss something. Something hits you.
You die...

######+#
#######.)....#
#........{@..#
#....##.####.#
#......<...# #
####.#####.#
.. # #. #


There were no monsters in sight!

Vanquished Creatures
  Robin (D:1)
  6 adders
  2 orcs (D:3)
  3 ball pythons
  3 bats (D:1)
  5 endoplasms (D:1)
  A giant cockroach (D:1)
  13 goblins
  5 hobgoblins
  3 kobolds
  A quokka (D:2)
  7 rats
50 creatures vanquished.

Notes
Turn   | Place    | Note
-------+----------+-------------------------------------------
     0 | D:1      | bande the Gargoyle Fighter began the quest for the Orb.
     0 | D:1      | Reached XP level 1. HP: 14/14 MP: 1/1
   159 | D:1      | Reached XP level 2. HP: 5/19 MP: 2/2
   733 | D:1      | Found a faded altar of an unknown god.
   762 | D:1      | Reached XP level 3. HP: 21/23 MP: 3/3
   964 | D:2      | Noticed Robin
  1108 | D:1      | Killed Robin
  1293 | D:2      | Reached XP level 4. HP: 28/28 MP: 4/4
  2354 | D:2      | Learned a level 1 spell: Apportation
  2832 | D:3      | Reached XP level 5. HP: 25/32 MP: 5/5
  2840 | D:3      | Slain by an orc wizard

Illustrated notes

Levels and vault maps discovered:
D:1:      dpeg_arrival_rooms_a, layout_rooms, hellmonk_ecumenical_altar_blasted
D:2:      layout_loops_corners, minmay_shallow_snake_nest, uniq_robin
D:3:      layout_basic, lightli_sewer_entry_pipes, patterned_corridor,
          uniq_sigmund

Skill      XL: |  1  2  3  4 |
---------------+-------------+-----
Axes           | 2 |  2.9
Armour         | 4 |  4.2
Shields        | 4 |  4.0
Fighting       | |  3.6
Dodging        | |  0.6
Translocations | |  0.3

Action                   |  1- 3 |  4- 6 || total
-------------------------+-------+-------++-------
Melee: War axe           |    67 |    86 ||   153
  Use: Scroll            |     3 |       ||     3
       Potion            |       |     3 ||     3
Armor: Scale mail        |    48 |    59 ||   107
Dodge: Dodged            |    25 |    28 ||    53
Block: Kite shield       |    54 |    46 ||   100

Table legend: (Time is in decaauts)
 A = Elapsed time spent in this place.
 B = Non-inter-level travel time spent in this place.
 C = Inter-level travel time spent in this place.
 D = Time resting spent in this place.
 E = Time spent auto-exploring this place.
 F = Levels seen in this place.
 G = Mean time per level.
                   A        B        C        D        E       F      G
               +--------+--------+--------+--------+--------+-----+--------+
         Total |   2933 |   2909 |     24 |    779 |   1667 |   3 |  977.7 |
       Dungeon |   2933 |   2909 |     24 |    779 |   1667 |   3 |  977.7 |
               +--------+--------+--------+--------+--------+-----+--------+

Top non-repeatable levels by time:
     D:2: 1815 daAuts
     D:1: 1082 daAuts
     D:3: 36 daAuts
